[Event "ESP-ch Teams Honor 2024"]
[Site "Melilla"]
[Date "2024.10.13"]
[Round "2.7"]
[White "Deac, Bogdan-Daniel"]
[Black "Tabatabaei, M. Amin"]
[Result "1/2-1/2"]
[ECO "D37"]
[WhiteElo "2691"]
[BlackElo "2702"]
[Annotator "TA"]
[PlyCount "110"]
[EventDate "2024.10.11"]
[EventType "team-tourn"]
[EventCountry "ESP"]
[SourceTitle "playchess.com"]
[Source "ChessBase"]
[SourceQuality "1"]
[WhiteTeam "Costa Calida"]
[BlackTeam "Andreu"]
[TimeControl "5400+30"]

1. d4 Nf6 2. c4 e6 3. Nf3 d5 4. Nc3 dxc4 5. e3 a6 6. a4 b6 7. Bxc4 Bb4 8. O-O Bb7 {[%emt 0:00:43] Inhibits e4.} 9. Qe2 O-O 10. Rd1 Qe7 11. Bd3 c5 12. dxc5 Bxc5 13. e4 Ng4 14. Rf1 Nd7 15. Bf4 {[%emt 0:00:33] Against Nge5} Qf6 16. Bg3 (16. Bg5 $5 Qg6 $8 17. Bf4 $11) 16... g5 (16... Nge5 $11 {keeps the balance.}) 17. Rad1 ({Better is} 17. a5 $16) 17... Nde5 $11 18. Nxe5 Nxe5 19. Bc2 g4 (19... a5 $11) 20. Bxe5 $14 Qxe5 21. Qxg4+ Kh8 22. Qg3 (22. Qh4 {is interesting.} Rac8 23. Rd3 Rg8 24. Rfd1) 22... Qxg3 23. hxg3 Rfd8 24. e5 Bd4 25. Rfe1 Rac8 26. Rd3 {[%emt 0:00:27] [#] Strongly threatening Red1.} Bxc3 {[%emt 0:02:44] This pair of bishops is nice.} 27. Rxd8+ Rxd8 28. bxc3 $11 {[%emt 0:00:09][%mdl 4096] Endgame. KRB-KRB} Rd2 29. Be4 Bxe4 30. Rxe4 {[%emt 0:00:26] KR-KR} b5 31. axb5 axb5 32. Rb4 Rd5 33. f4 h5 34. Kh2 Kg7 35. Kh3 Kg6 (35... Rd1 $11 36. Kh2 (36. Rxb5 $2 Rh1#) 36... Rc1) 36. g4 $14 Rd3+ 37. g3 hxg4+ 38. Kxg4 Rxc3 39. Rxb5 Ra3 40. Rb8 Kg7 41. Kh4 Rf3 42. Ra8 Rb3 43. g4 Re3 44. Rb8 Re1 45. Kg5 Re2 46. Rb5 Re1 47. f5 (47. Ra5 $16) 47... exf5 $11 {[%emt 0:00:06] The position is equal.} 48. gxf5 Rxe5 49. Rxe5 {[%emt 0:00:03] [#] f6+ would kill now. KR-KP} f6+ 50. Kf4 {[%emt 0:00:06] Intending Re6 and mate.} fxe5+ 51. Kxe5 {[%emt 0:00:07] White wants to mate with Ke6.} Kf7 52. f6 Kf8 53. Ke6 Ke8 54. f7+ Kf8 55. Ke5 {[%emt 0:00:06] White threatens Ke6 and mate.} Kxf7 {[%emt 0:00:06] Weighted Error Value: White=0.10 (very precise) /Black=0.13 (very precise) .  Mistake:       	White=2     	Black=3      Inaccurate:     	White=5     	Black=3      OK:         	White=21    	Black=19     Best:        	White=3     	Black=4} 1/2-1/2

[Event "ESP-ch Teams Honor 2024"]
[Site "Melilla"]
[Date "2024.10.13"]
[Round "2.8"]
[White "Van Foreest, Jorden"]
[Black "Amin, Bassem"]
[Result "1/2-1/2"]
[ECO "D91"]
[WhiteElo "2697"]
[BlackElo "2636"]
[Annotator "TA"]
[PlyCount "109"]
[EventDate "2024.10.11"]
[EventType "team-tourn"]
[EventCountry "ESP"]
[SourceTitle "playchess.com"]
[Source "ChessBase"]
[SourceQuality "1"]
[WhiteTeam "Andreu"]
[BlackTeam "Costa Calida"]
[TimeControl "5400+30"]

1. d4 Nf6 2. c4 g6 3. Nc3 d5 4. Nf3 Bg7 5. Bg5 Ne4 6. Bf4 O-O 7. e3 c5 8. cxd5 Nxc3 9. bxc3 Qxd5 10. Be2 cxd4 11. cxd4 Qa5+ 12. Qd2 Nc6 13. Qxa5 {[%emt 0:01:34] D80: Grünfeld: Unusual White 4th moves and 4 Bg5.} Nxa5 14. h4 h6 15. Bd3 $146 ({Predecessor:} 15. h5 g5 16. Be5 Be6 17. Kd2 Rfc8 18. Rhc1 Rxc1 19. Kxc1 f6 20. Bg3 Rc8+ 21. Kb2 {0-1 Skatchkov,V (2248)-Wagner,D (2570) Titled Tuesday intern op 11th Oct Late blitz 2022 (2)}) 15... Be6 16. Kd2 Rac8 17. Rhb1 Rfd8 18. Rb5 b6 19. Rbb1 Nc4+ 20. Ke2 Bf5 21. Bxf5 gxf5 22. h5 f6 23. Rd1 e5 24. Bh2 Kf7 25. Rac1 Ke6 26. Nh4 Bf8 27. f3 (27. d5+ {simplifies} Rxd5 28. Rxd5 Kxd5 29. Nxf5 b5 30. f3) 27... Ba3 28. Rc3 Nb2 {[%emt 0:06:19] [#]} (28... Rg8 $11) 29. Rdc1 $1 $16 Rxc3 ({Black should try} 29... Nc4 30. d5+ Kd7 (30... Kxd5 $2 31. Rd3+ Ke6 32. Rxd8 $18)) 30. Rxc3 $16 exd4 31. exd4 (31. Rxa3 $2 d3+ $19) 31... Rxd4 (31... Bb4 $16 32. Rc2 Rxd4) 32. Re3+ (32. Rxa3 Rxh4 33. Bb8 a5 $11 (33... Rxh5 34. Bxa7 Rg5 35. Kf2 $14)) (32. Rc6+ $18 Kd5 33. Nxf5) 32... Kd5 $14 33. Nxf5 Ra4 34. Nxh6 (34. Re4 $16) 34... Bc5 35. Rc3 Rh4 (35... Rxa2 $6 36. Rc2 Ke6 37. g4 $16) 36. Ng4 Ke6 37. Rc2 f5 38. Rxb2 fxg4 39. Bb8 gxf3+ 40. Kxf3 Rxh5 41. Bxa7 Bd4 (41... Rf5+ $11 {remains equal.} 42. Kg4 b5) 42. Rb4 Bc5 43. Rb2 Bd4 44. Rb3 Rf5+ 45. Ke4 Rf2 46. a3 (46. Bxb6 Bxb6 47. Rxb6+ Ke7 $11) (46. Kxd4 $16 Rxa2 47. Rxb6+ Kf5 48. g4+ (48. Rb5+ Kf6 $16) 48... Kxg4 49. Rb7) 46... Rxg2 $1 $11 ({Don't go for} 46... Rb2 $2 47. Rxb2 Bxb2 48. a4 $18 (48. Bxb6 Bxa3 49. Be3 Bf8 $11)) 47. Kxd4 Rg4+ 48. Kc3 Rg3+ 49. Kb4 Rxb3+ 50. Kxb3 Kd7 51. Kb4 ({Not} 51. Bxb6 Kd6 52. Ka4 Kc6 $18) 51... Kc7 52. Kb5 Kb7 53. a4 Kxa7 54. a5 bxa5 55. Kxa5 1/2-1/2

[Event "ESP-ch Teams Honor 2024"]
[Site "Melilla"]
[Date "2024.10.13"]
[Round "2.9"]
[White "Ibarra Jerez, Jose Carlos"]
[Black "Vokhidov, Shamsiddin"]
[Result "1/2-1/2"]
[ECO "A28"]
[WhiteElo "2559"]
[BlackElo "2668"]
[Annotator "TA"]
[PlyCount "101"]
[EventDate "2024.10.11"]
[EventType "team-tourn"]
[EventCountry "ESP"]
[SourceTitle "playchess.com"]
[Source "ChessBase"]
[SourceQuality "1"]
[WhiteTeam "Costa Calida"]
[BlackTeam "Andreu"]
[TimeControl "5400+30"]

1. c4 e5 2. Nc3 Nf6 3. Nf3 Nc6 4. e3 Bb4 5. Qc2 Bxc3 6. Qxc3 Qe7 7. a3 d5 8. d4 exd4 9. Nxd4 Nxd4 10. Qxd4 O-O 11. c5 a5 12. Bd2 Ne4 13. Rc1 Rd8 14. f3 Ng5 15. b4 axb4 16. axb4 (16. Bxb4 $11 {keeps the balance.} Ne6 17. Qe5) 16... Ra2 $1 $17 (16... Ne6 17. Qb2 $15) 17. Be2 Bf5 $1 ({Don't do} 17... Ne6 18. Qe5 $15) 18. h4 {[%emt 0:13:02] [#]} Ne4 19. Bc3 (19. fxe4 $2 {is the wrong capture.} dxe4 20. Qc3 Rdxd2 (20... Raxd2 $2 21. Qxd2 Rxd2 22. Kxd2 $19) 21. Qxd2 Rxd2 22. Kxd2 Be6 $19) 19... Nxc3 20. Rxc3 Bd7 ({Black should play} 20... Rda8 $1 $17 {Hoping for ...Rb2.} 21. Rc1 Qe8) 21. Rd3 $15 Rda8 $1 {[%emt 0:01:19] Threatens to win with ...Bb5.} 22. Kf2 Bb5 23. Rd2 Bxe2 24. Kxe2 Rxd2+ 25. Qxd2 $17 {[%emt 0:00:07][%mdl 4096] Endgame. KQR-KQR} Ra3 ({Better is} 25... Qe5 $1 $17 {aiming for ...Qg3.} 26. Kf2 c6) 26. Kf2 c6 27. Qd4 Ra2+ 28. Kg3 Qe6 (28... Rc2 $15 29. Qf4 h6) 29. Kh2 (29. h5 $11) 29... Qg6 30. Rg1 h5 31. Qe5 Kh7 32. b5 Ra4 $40 {[%emt 0:01:10][%cal Ra4h4][%mdl 128] Black is up to no good.} (32... cxb5 33. Qxd5 Rc2 34. Qe5 $15) 33. Kh3 {[%emt 0:01:33] [#]} (33. g4 $15) 33... Re4 $3 34. Qg5 Qxg5 35. hxg5 Rxe3 $19 {[%emt 0:00:51] KR-KR} 36. Ra1 Rc3 37. Ra7 (37. b6 $17 {was the only chance.}) 37... Rxc5 38. b6 Rb5 39. Rxb7 Kg6 40. f4 (40. Kh4 {is a better defense.}) 40... c5 41. Rd7 (41. g4 $142 c4 42. Kh4 (42. gxh5+ $2 Kxh5 43. Rxf7 d4 $19) 42... hxg4 43. Kxg4 f5+ 44. Kf3) 41... Rxb6 42. Rxd5 {[%emt 0:00:05] [#]} Rc6 43. Kh4 {[%emt 0:00:42] [#]} f5 $1 44. gxf6 $2 (44. Rd3) 44... gxf6 $2 (44... Kxf6 $19 {And now ...c4 would win.} 45. Kxh5 c4) 45. f5+ $2 (45. Rxh5 $11 Kf7 46. Kg4) 45... Kh6 46. Rd3 Rb6 $2 (46... c4 $19 47. Rc3 Rc8) 47. Rc3 $11 {[%emt 0:00:39] The position is equal.} Rb4+ 48. Kh3 $1 c4 {[%emt 0:00:04] ( -> ...Rb3)} 49. Kh4 Rb2 50. g4 hxg4 {[%emt 0:02:21][%cal Og4g3] ...g3! would now be deadly.} 51. Rxc4 {[%emt 0:00:08] Weighted Error Value: White=0.42/Black=0.28 (precise) .  Loses game:     	White=1     	---        Missed win:     	---       	Black=2      Mistake:       	White=7     	Black=3      Inaccurate:     	---       	Black=1      OK:         	White=14    	Black=16     Best:        	White=5     	Black=3      Strong:       	White=1     	Black=4} 1/2-1/2

[Event "ESP-ch Teams Honor 2024"]
[Site "Melilla"]
[Date "2024.10.13"]
[Round "2.10"]
[White "Arizmendi Martinez, Julen Luis"]
[Black "Muzychuk, Anna"]
[Result "1/2-1/2"]
[ECO "B10"]
[WhiteElo "2507"]
[BlackElo "2524"]
[Annotator "TA"]
[PlyCount "61"]
[EventDate "2024.10.11"]
[EventType "team-tourn"]
[EventCountry "ESP"]
[SourceTitle "playchess.com"]
[Source "ChessBase"]
[SourceQuality "1"]
[WhiteTeam "Andreu"]
[BlackTeam "Costa Calida"]
[TimeControl "5400+30"]

1. c4 c6 2. e4 d5 3. cxd5 cxd5 4. exd5 Nf6 5. Nc3 Nxd5 6. Nf3 Nc6 {[%emt 0:04:27] The position is equal.} 7. Bb5 g6 8. Qa4 Nb6 9. Bxc6+ bxc6 10. Qxc6+ Bd7 11. Qe4 Bg7 {[%emt 0:13:59] Prevents Qe5} 12. d4 Rc8 13. O-O Bc6 {[%emt 0:00:31] This pair of bishops is nice.} 14. Qe2 Bxf3 15. Qxf3 Qxd4 16. Bg5 h6 17. Rad1 (17. Be3 {simplifies} Qb4 18. Bxb6 Bxc3 19. Bxa7 Qxb2 20. a4) 17... Qb4 18. Nd5 Nxd5 (18... Qxb2 $2 {too greedy.} 19. Bxe7 Nc4 20. Rfe1 $18) 19. Qxd5 {[%emt 0:00:09] [#] Threatening mate with Qd7+.} O-O $1 ({Worse is} 19... hxg5 20. Qd7+ Kf8 21. Qxc8#) 20. a3 Qxb2 21. Bxe7 {[%emt 0:00:12][%cal Od1b1] Black must now prevent Rb1!} Rfe8 22. Qd7 a6 23. Rfe1 Qb5 24. Qxb5 axb5 25. Bb4 Rxe1+ 26. Bxe1 $11 {[%emt 0:01:05] KRB-KRB} Bb2 27. Rd3 Rc1 28. Kf1 Ra1 29. Rb3 Bxa3 30. Rxb5 Bd6 31. g3 {[%emt 0:00:27] An even fight not without its subleties.   Weighted Error Value: White=0.00 (flawless) /Black=0.00 (flawless) .  OK:         	White=17    	Black=12     Best:        	White=1     	Black=1      Strong:       	---       	Black=1} 1/2-1/2

[Event "ESP-ch Teams Honor 2024"]
[Site "Melilla"]
[Date "2024.10.13"]
[Round "2.11"]
[White "Cuenca Jimenez, Jose Fernando"]
[Black "Macias Pino, Diego"]
[Result "1/2-1/2"]
[ECO "D37"]
[WhiteElo "2480"]
[BlackElo "2479"]
[Annotator "TA"]
[PlyCount "75"]
[EventDate "2024.10.11"]
[EventType "team-tourn"]
[EventCountry "ESP"]
[SourceTitle "playchess.com"]
[Source "ChessBase"]
[SourceQuality "1"]
[WhiteTeam "Costa Calida"]
[BlackTeam "Andreu"]
[TimeControl "5400+30"]

1. d4 Nf6 2. c4 e6 3. Nf3 d5 4. Nc3 dxc4 5. e4 b5 6. e5 Nd5 7. Nxb5 Nb6 8. Be2 {[%emt 0:00:24] White is slightly better.} Nc6 9. O-O Be7 10. Be3 O-O 11. Qc1 Rb8 12. Nc3 Bb7 13. Rd1 Nb4 14. Nd2 Qd7 15. a3 (15. Bxc4 $2 Nxc4 16. Nxc4 Qc6 $17) 15... Qc6 {[%emt 0:04:33][%csl Gb7][%cal Rc6g2] [#]} 16. Bf3 (16. axb4 $2 Qxg2#) 16... N4d5 17. Qc2 Nxe3 18. fxe3 Nd5 19. Re1 Bh4 (19... Qa6 $11) 20. Re2 $14 Ba6 21. Nde4 Be7 22. Ree1 Rb3 23. Nd2 {[%emt 0:00:34] Threatens to win with Nxd5. A dynamic duo of knights.} Rb7 24. Rac1 (24. Be4 $14 {is more appropriate.}) 24... Rfb8 $11 25. Nd1 Qd7 $1 26. Nxc4 c5 27. dxc5 Bxc5 28. b4 Bxb4 29. axb4 {[%emt 0:00:27] Black must now prevent Bxd5.} Bxc4 30. Qxc4 {[%emt 0:00:20] And now Bxd5 would win.} Rc7 $1 31. Bxd5 Rxc4 32. Bxc4 Qd2 {[%emt 0:01:57] [#]} (32... Rxb4 $11 {keeps the balance.} 33. Nf2 g6) 33. Nc3 $1 $16 ({Much weaker is} 33. Nf2 $6 Qxb4 34. Bd3 Qd2 $11) 33... h5 34. b5 Rc8 35. Ne4 Qb2 36. Rc3 {[%emt 0:00:04] Hoping for Rd1.} Rc5 37. Rb3 (37. Rf1 $16) 37... Qc2 $1 $11 38. Nxc5 {[%emt 0:00:26] Weighted Error Value: White=0.12 (very precise) /Black=0.07 (flawless) .  Mistake:       	White=2     	Black=2      Inaccurate:     	White=2     	Black=1      OK:         	White=11    	Black=17     Best:        	White=4     	Black=4      Strong:       	White=1     	Black=3} 1/2-1/2

[Event "ESP-ch Teams Honor 2024"]
[Site "Melilla"]
[Date "2024.10.13"]
[Round "2.12"]
[White "Vega Gutierrez, Belinda"]
[Black "Camacho Collados, Marcos"]
[Result "0-1"]
[ECO "B54"]
[WhiteElo "2168"]
[BlackElo "2453"]
[Annotator "TA"]
[PlyCount "94"]
[EventDate "2024.10.11"]
[EventType "team-tourn"]
[EventCountry "ESP"]
[SourceTitle "playchess.com"]
[Source "ChessBase"]
[SourceQuality "1"]
[WhiteTeam "Andreu"]
[BlackTeam "Costa Calida"]
[TimeControl "5400+30"]

1. e4 c5 2. Nf3 d6 3. d4 cxd4 4. Nxd4 e5 5. Nb3 Nf6 6. Nc3 Be7 7. Be2 {[%emt 0:04:38] B56: Klassiek Siciliaans: Ongebruikelijke Varianten.} O-O {[%emt 0:00:10] OK} 8. O-O {[%emt 0:02:13] OK} a5 9. Bf3 $146 {[%emt 0:04:14] Fout (0.6)} (9. Be3 $11) ({Predecessor:} 9. Bg5 a4 10. Nd2 a3 11. b3 Qa5 12. Bxf6 Bxf6 13. Nd5 Bd8 14. Nc4 Qc5 15. b4 {1-0 Panchanathan,M (2570)-Maldonado,O (2194) Arlington DC op 1st 2013 (1)}) 9... a4 $15 {[%emt 0:01:33] Beste (Gemakkelijk)} 10. Nd2 {[%emt 0:00:34] OK} Be6 {[%emt 0:02:56] Remt Nc4. Onnauwkeurig} 11. Re1 {[%emt 0:09:14] Onnauwkeurig} Nc6 {[%emt 0:10:42] OK} 12. Nf1 {[%emt 0:25:05] OK} Nd4 {[%emt 0:01:37][%cal Oa4a3] OK} 13. Ne3 {[%emt 0:00:42] Onnauwkeurig} Qc7 {[%emt 0:26:07][%cal Oa4a3] Onnauwkeurig} 14. g3 {[%emt 0:03:01] Fout (0.6)} (14. a3 $15) 14... a3 {[%emt 0:01:53] Zwart heeft actievere stukken. Fout (0.6)} (14... Nxf3+ $17 15. Qxf3 h6) 15. Bg2 {[%emt 0:00:42] OK} Rfc8 {[%emt 0:00:41] OK} 16. Qd3 {[%emt 0:15:00] [#] Fout (0.7)} (16. Rb1 $1 $15) 16... b5 $1 17. Rd1 {[%emt 0:11:40] Onnauwkeurig} (17. Nxb5 $2 {te hebberig.} Nxb5 18. Rd1 g6 $19) (17. Rb1 Bc4) 17... g6 {[%emt 0:16:21] Fout (0.6)} (17... b4 18. Ncd5 Bxd5 19. exd5 Nxc2 20. Nxc2 axb2 (20... Qxc2 21. bxa3 bxa3 22. Bxa3 $15) 21. Bxb2 Qxc2 22. Qxc2 Rxc2 23. Bxe5 Rcxa2 (23... dxe5 24. d6 $14) 24. Rxa2 Rxa2) 18. Rd2 {[%emt 0:05:04] [#] is een betere verdediging. Fout (0.9)} (18. Nxb5 $2 {verliest.} Nxb5 19. b3 (19. Qxb5 $2 {slaat de verkeerde figuur.} Rab8 $19) 19... Nc3 $19) (18. Ncd5 $17 Bxd5 19. exd5 Nxc2 20. Nxc2 axb2 (20... Qxc2 21. bxa3 Ng4 22. Qxc2 $15) 21. Bxb2 Qxc2 22. Qxc2 Rxc2 23. Bxe5) 18... Qa5 {[%emt 0:04:35] Fout (0.5)} (18... Bc4 $1 $19 19. Nxc4 bxc4) 19. Ncd5 Bxd5 {[%emt 0:00:11] OK} 20. exd5 b4 {[%emt 0:00:34] Fout (1.1)} (20... axb2 $17 21. Bxb2 Nd7) 21. bxa3 {[%emt 0:01:55] OK} bxa3 22. c4 {[%emt 0:00:49] Fout (0.7)} (22. Rb1) 22... Nd7 $17 {[%emt 0:01:28] OK} 23. Nc2 {[%emt 0:04:56] Beste} Nc5 {[%emt 0:00:21] Fout (0.6)} (23... Bg5 $19 24. Nxd4 Nc5 (24... exd4 25. Re2 $17)) 24. Qxa3 {[%emt 0:01:25] [#]} Qxd2 {[%emt 0:06:18][%mdl 512] OK} 25. Bxd2 {[%emt 0:00:19] Een sterk loperpaar.} Nxc2 {[%emt 0:00:52] OK} 26. Qb2 {[%emt 0:02:20] OK} Nxa1 {[%emt 0:00:07] OK} {Wit zou moeten proberen} 27. Bf1 {[%emt 0:00:24] Fout (0.9)} (27. Be3 $15) 27... Rcb8 ({Neem niet} 27... Ne4 28. Bh6 $17) 28. Qxa1 {[%emt 0:00:30] [#] OK} Nb3 {[%emt 0:00:11] Fout (0.9)} (28... Bd8 $1 $17 {...Nb3 zou dodelijk zijn.} 29. Bh6 Nb3) 29. Qb2 $15 {[%emt 0:00:36] OK} Nxd2 {[%emt 0:01:35] OK} 30. Qxd2 Rc8 {[%emt 0:00:28] Fout (0.5)} (30... Rb6 $15) {Wit zou moeten spelen} 31. Bd3 {[%emt 0:00:49] Fout (0.5)} (31. Qb4 $11) 31... Rc5 {[%emt 0:00:45] Fout (0.5)} (31... Kg7 $15) 32. Kg2 {[%emt 0:00:08] Fout (0.8)} (32. Qb2 $11) 32... Rb8 {[%emt 0:00:18] Fout (0.8)} (32... Ra3 $17) 33. a4 $11 {[%emt 0:00:42] OK} {Zwart zou moeten proberen} Bd8 {[%emt 0:00:02] Fout (0.6)} (33... Kg7 $11) 34. Qa2 {[%emt 0:00:16] Fout (0.9)} (34. h4 $14) 34... Ba5 $15 {[%emt 0:00:23] OK} 35. h4 $1 {[%emt 0:00:14][%cal Oh4h5] Sterk} {Zwart zou moeten spelen} h5 {[%emt 0:00:55] Fout (0.6)} (35... Bc3 $15) 36. Qc2 {[%emt 0:00:21][%cal Rd3g6] Sterke dreiging met Bxg6! Onnauwkeurig} Kg7 {[%emt 0:00:09] OK} 37. Qe2 {[%emt 0:00:16] Onnauwkeurig} Rb3 {[%emt 0:00:54] Onnauwkeurig} (37... Rcc8 $5) 38. Qe4 {[%emt 0:00:48] voelt sterker. Fout (0.5)} (38. Qc2 $11 Rc3 39. Qd1) 38... Bc3 {[%emt 0:00:48] was beter. Fout (0.5)} (38... Rb2 $15) {Beter is} 39. Be2 {[%emt 0:00:45] Fout (0.5)} (39. g4 $11) 39... Bd4 {[%emt 0:00:36] Hoopt vervolgens op ...f5. OK} 40. Qc2 {[%emt 0:01:02][%mdl 8192] White stands secure. Verliest partij (4.5)} (40. g4 $1 $11) 40... Rb2 $19 {[%emt 0:00:10] Beste. Zwart is duidelijk aan het winnen.} 41. Qd3 Ra5 {[%emt 0:00:14] OK} 42. Qd1 {[%emt 0:00:34] Fout (2.1)} (42. Bd1 $142 Rxf2+ (42... Bxf2 $2 43. Qa3 $19) 43. Kh3) 42... Ra2 {[%emt 0:00:20] Beste} 43. f4 {[%emt 0:00:57] Onnauwkeurig} R5xa4 44. fxe5 Bxe5 45. Kh3 R4a3 {[%emt 0:00:15][%cal Oa2e2] ( -> ...Rxe2!)} 46. Bd3 Ra1 (46... Rc3 $142 47. c5 Raa3 (47... Rxc5 $2 48. Qb3 $19) (47... dxc5 $2 48. Qe1 $19) 48. cxd6 Rxd3 49. Qxd3 Rxd3) 47. Qe2 Rg1 {[%emt 0:00:06] Blunder waarde: Wit=0.67/Zwart=0.37.  Verliest partij:   	Wit=1      	---        Fout:        	Wit=12     	Zwart=12     Onnauwkeurig:    	Wit=6      	Zwart=3      OK:         	Wit=9      	Zwart=14     Beste:        	Wit=1      	Zwart=3      Sterk:        	Wit=1      	---} 0-1

[Event "ESP-ch Teams Honor 2024"]
[Site "Melilla"]
[Date "2024.10.13"]
[Round "2.13"]
[White "Anton Guijarro, David"]
[Black "Alekseenko, Kirill"]
[Result "1-0"]
[ECO "C80"]
[WhiteElo "2667"]
[BlackElo "2679"]
[Annotator "TA"]
[PlyCount "77"]
[EventDate "2024.10.11"]
[EventType "team-tourn"]
[EventCountry "ESP"]
[SourceTitle "playchess.com"]
[Source "ChessBase"]
[SourceQuality "1"]
[WhiteTeam "Casablanca"]
[BlackTeam "Silla"]
[TimeControl "5400+30"]

1. e4 e5 2. Nf3 Nc6 3. Bb5 a6 4. Ba4 Nf6 5. O-O Nxe4 6. d4 Be7 7. Re1 b5 8. Rxe4 {[%emt 0:01:20] Bb3 is the strong threat.} (8. Nxe5 Nxe5 9. dxe5 Bb7 $11 (9... Nxf2 10. Qf3 $11)) (8. dxe5 Nxf2 9. Qe2 Bc5 $17) 8... d5 9. Nxe5 Nxe5 10. Rxe5 {[%emt 0:00:05] White is slightly better.} bxa4 11. b3 {[%emt 0:05:06] And now Ba3 would win. White is more active.} (11. Nc3 $5 O-O 12. Rxd5 $14 (12. Nxa4 Bd6 $11)) 11... O-O 12. Ba3 Bxa3 13. Nxa3 Re8 14. Rxe8+ Qxe8 15. Nb1 Bd7 16. Nc3 Qe6 17. Qf3 Re8 {[%emt 0:04:22][%cal Oe6e1] ( -> ...Qe1+!)} 18. h3 (18. Nxa4 $2 Qe1+ 19. Rxe1 Rxe1#) 18... Bc6 19. Qd3 (19. Nxa4 Bxa4 20. bxa4 g6 $11) 19... Bd7 20. Qg3 (20. bxa4 $5 Qc6 21. a3 $14) 20... c5 21. dxc5 $16 {[%emt 0:03:09] Threatens to win with Rd1.} (21. bxa4 $2 cxd4 22. Nd1 Bxa4 $19) 21... axb3 22. axb3 d4 23. Na4 Bc6 24. Nb2 Qe2 25. Qd6 Qe4 (25... Bb5 $142) 26. f3 Qe3+ 27. Kh2 $1 Bxf3 {[%emt 0:01:35] [#]} 28. Rf1 (28. Nc4 $1 $16 Qe2 29. Qg3) 28... Be4 $11 29. Nd3 $36 {[%emt 0:00:16][%mdl 2048] aiming for Qd7. White has the initiative.} Bxd3 ({Better is} 29... Qd2 $11 30. Rf2 Qe3) 30. cxd3 $14 Qxd3 $2 $11 {[%emt 0:01:12][%mdl 12288] Endgame. [#] KQR-KQR. This costs Black the game.} (30... h5 $16 {is more resistant.}) 31. Re1 $3 $18 Rf8 (31... Qe3 32. Rxe3) 32. c6 Qc3 (32... h6 $142 33. c7 Qf5) 33. Re5 d3 34. c7 {[%emt 0:01:36] Rc5 would kill now.} ({Less strong is} 34. Rc5 Qf6 35. Qxd3 Qf4+ 36. Kh1 Re8 $16) 34... d2 35. Rc5 Qxc5 36. Qxc5 d1=Q 37. c8=Q (37. c8=B a5 (37... Qxb3 $2 38. Bxa6 Qb8+ 39. Kh1 $19) 38. Bg4 Qxb3 39. Qxa5 Qb8+ 40. Kg1 Qg3 $19) 37... Rd8 {[%emt 0:00:05] [#]} 38. Q5c7 $1 Rf8 {[%emt 0:00:06] [#]} 39. Q7b8 $1 {[%emt 0:00:28] Weighted Error Value: White=0.13 (very precise) /Black=0.55.  Loses game:     	---       	Black=1      Mistake:       	White=1     	Black=4      Inaccurate:     	White=3     	Black=2      OK:         	White=8     	Black=12     Best:        	White=4     	Black=2      Strong:       	White=1     	---        Brilliant:      	White=1     	---} 1-0

[Event "ESP-ch Teams Honor 2024"]
[Site "Melilla"]
[Date "2024.10.13"]
[Round "2.14"]
[White "Shevchenko, Kirill"]
[Black "Vallejo Pons, Francisco"]
[Result "1-0"]
[ECO "C42"]
[WhiteElo "2656"]
[BlackElo "2653"]
[Annotator "TA"]
[PlyCount "107"]
[EventDate "2024.10.11"]
[EventType "team-tourn"]
[EventCountry "ESP"]
[SourceTitle "playchess.com"]
[Source "ChessBase"]
[SourceQuality "1"]
[WhiteTeam "Silla"]
[BlackTeam "Casablanca"]
[TimeControl "5400+30"]

1. e4 e5 2. Nf3 Nf6 3. Nxe5 Nxe4 4. Qe2 Qe7 5. Qxe4 d6 6. d4 dxe5 7. dxe5 Nc6 8. Nc3 Qxe5 9. Qxe5+ Nxe5 {[%emt 0:00:06] White is slightly better.} 10. Bf4 Bd6 11. Bg3 h5 12. O-O-O {[%emt 0:00:44] And now Bxe5 would win.} f6 13. Nb5 h4 14. Bf4 {[%emt 0:00:06] White is more active.} (14. Rxd6 $16 cxd6 15. Bxe5 fxe5 16. Nc7+ (16. Nxd6+ Ke7 $17) 16... Kd7 17. Nxa8) 14... Ke7 (14... Nd3+ $1 $11 15. Bxd3 Bxf4+ 16. Kb1 Be5) 15. Nxd6 cxd6 16. Bd2 Bg4 17. f3 Bf5 18. Bb4 Rhd8 19. Be2 Rac8 20. c3 Kf7 21. Bxd6 Nc4 22. Bf4 {[%emt 0:00:45] This pair of bishops is nice.} Re8 23. Rhe1 g5 24. Bxc4+ Rxc4 25. Rxe8 Kxe8 $14 {[%emt 0:00:06][%mdl 4096] Endgame. KRB-KRB} 26. Be3 a6 27. Rd6 Rc6 28. Rxc6 bxc6 $16 {[%emt 0:00:04] KB-KB} 29. Kd2 h3 30. g4 Be6 31. b3 Kd7 32. c4 Kd6 33. Kd3 f5 34. f4 fxg4 35. fxg5 Ke5 {[%emt 0:00:43][%cal Og4g3] Repels Bf4+} 36. Bf2 Bf5+ (36... c5 $16 {was necessary.} 37. Bg3+ (37. Bxc5 g3 $14) 37... Kf5) 37. Kc3 $1 $18 {[%emt 0:00:13] Hoping for Bg3+.} Bb1 38. a3 {[%emt 0:05:39] Black must now prevent Bg3+.} Kf5 39. Kd4 Bc2 $2 {[%emt 0:01:44][%mdl 8192] [#] Black cannot hold the game after this.} (39... Ba2 $16) 40. b4 $1 Kxg5 41. Kc5 Bb3 42. Kxc6 {[%emt 0:00:28] Intending c5 and mate.} Bxc4 {[%emt 0:00:04] [#]} 43. a4 $1 {[%emt 0:00:02] White mates.} Bb3 44. Kb6 Bxa4 45. Kxa6 Bc2 46. b5 Bd3 47. Ka5 Be4 48. Kb6 Bd3 49. Kc6 Kf5 50. b6 g3 51. Bxg3 Be4+ 52. Kc7 Ke6 53. b7 Bxb7 54. Kxb7 {[%emt 0:00:04] Weighted Error Value: White=0.03 (flawless) /Black=0.31.  Loses game:     	---       	Black=1      Mistake:       	White=1     	Black=2      Inaccurate:     	---       	Black=1      OK:         	White=20    	Black=11     Best:        	White=2     	Black=3      Strong:       	White=2     	---} 1-0